 Dungeon Crawl Stone Soup version 0.29.1-15-g9cfb28693d (console) character file.

Game seed: 7151811363455098974

6 sentinel the Digger (level 2, 4/20 HPs)
             Began as a Meteoran Earth Elementalist on Sept 10, 2023.
             Was a Follower of Wu Jian.
             Quit the game on level 1 of the Dungeon.
             The game lasted 00:00:09 (112 turns).

sentinel the Digger (Meteoran Earth Elementalist)    Turns: 112, Time: 00:00:09

Health: 4/20       AC:  2    Str:  9    XL:     2   Next: 11%
Magic:  3/6        EV: 12    Int: 16    God:    Wu Jian [*.....]
Gold:   0          SH:  0    Dex: 14    Spells: 5/6 levels left

rFire   . . .      SeeInvis .   (no weapon)
rCold   . . .      Faith    .   (no shield)
rNeg    . . .      Spirit   .   a - +0 robe
rPois   .          Reflect  .   (no helmet)
rElec   .          Harm     .   (no cloak)
rCorr   .          Rampage  .   (no gloves)
Will    .....                   (no boots)
Stlth   +.........              (no amulet)
HPRegen 0.06/turn               (no ring)
MPRegen 0.10/turn               (no ring)

@: about to teleport, glowing
A: sense surroundings 1, otherworldly, glowing, explore regen
a: Renounce Religion


You were on level 1 of the Dungeon.
You worshipped Wu Jian.
Wu Jian was aware of your devotion.
You visited 1 branch of the dungeon, and saw 1 of its levels.

Inventory:

Armour
 a - a +0 robe (worn)
Scrolls
 r - a scroll of identify
Potions
 b - a potion of magic


   Skills:
 - Level 2.4 Dodging
 - Level 1.4 Stealth
 - Level 2.6 Spellcasting
 - Level 1.2 Transmutations
 + Level 4.2 Earth Magic


You had 5 spell levels left.
You knew the following spells:

 Your Spells              Type           Power      Damage    Failure   Level
a - Sandblast             Erth           30%        2d9       3%          1

Your spell library contained the following spells:

 Spells                   Type           Power      Damage    Failure   Level
 Passwall                 Tmut/Erth      8%         N/A       10%         2
 Stone Arrow              Conj/Erth      16%        3d8       24%         3
 Petrify                  Tmut/Erth      10%        N/A       54%         4


Dungeon Overview and Level Annotations

Branches:
Dungeon (1/15) Zot: 484

Altars:
Wu Jian


Innate Abilities, Weirdness & Mutations

You passively map a small area around you.
You are easily found by Zot.
You glow in the dark.
You regain HP and MP as you explore.


Message History

Unknown command.
No target in view!
No target in view!
You are out of magic!
Unknown command.
You are out of magic!
Unknown command.
You are out of magic!
Unknown command.
You are out of magic!
Unknown command.
c - a scroll labelled RYMUCU DECATS Unknown command.
d - a scroll labelled CIHEGIO ANUA Unknown command.
Found a faded altar of an unknown god.
Unknown command.
There is a faded altar of an unknown god here.
Magic restored.
Found 6 gold pieces.
Unknown command.
Search for what [? for help]? faded
There is a faded altar of an unknown god here.
You cannot tell which god this altar belongs to.
Convert to them anyway?
Wu Jian accepts your prayer! The Council welcomes you!
You can now perform damaging attacks by moving towards foes.
You can now lightly attack monsters by moving around them.
d - 2 scrolls labelled CIHEGIO ANUA (gained 1)
Found 6 stones.
Unknown command.
No target in view!
No target in view!
You can't see any susceptible monsters within range! (Use Z to cast anyway.) Unknown command.
You can't see any susceptible monsters within range! (Use Z to cast anyway.) Unknown command.
You can't see any susceptible monsters within range! (Use Z to cast anyway.) Unknown command.
You can't see any susceptible monsters within range! (Use Z to cast anyway.) Unknown command.
No target in view!
No target in view!
You can't see any susceptible monsters within range! (Use Z to cast anyway.) Unknown command.
You can't see any susceptible monsters within range! (Use Z to cast anyway.) Unknown command.
You can't see any susceptible monsters within range! (Use Z to cast anyway.) Unknown command.
You can't see any susceptible monsters within range! (Use Z to cast anyway.) Unknown command.
No target in view!
No target in view!
You can't see any susceptible monsters within range! (Use Z to cast anyway.) Unknown command.
You can't see any susceptible monsters within range! (Use Z to cast anyway.) Unknown command.
You can't see any susceptible monsters within range! (Use Z to cast anyway.) Unknown command.
You can't see any susceptible monsters within range! (Use Z to cast anyway.) Unknown command.
A quokka comes into view.
Unknown command.
But you're not safe!
Unknown command.
But you're not safe!
Unknown command.
But you're not safe!
Unknown command.
But you're not safe!
Unknown command.
You can't see any susceptible monsters within range! (Use Z to cast anyway.) Unknown command.
You can't see any susceptible monsters within range! (Use Z to cast anyway.) Unknown command.
You can't see any susceptible monsters within range! (Use Z to cast anyway.) Unknown command.
You can't see any susceptible monsters within range! (Use Z to cast anyway.) Unknown command.
A ball python comes into view.
Found 2 viscous purple potions, a glowing helmet and a fuming golden potion.
The ball python hisses angrily.
A bat and a rat come into view.
Found 11 gold pieces.
The rat moves out of view.
The blast of sand hits the bat but does no damage.
The bat hits you but does no damage. The bat closely misses you. x2
Unknown command.
The blast of sand misses the bat.
The bat hits you. The ball python bites you. The ball python barely misses you.
Unknown command.
The blast of sand hits the ball python!
You kill the ball python!
The Council accepts your kill. The bat barely misses you.
The bat closely misses you. The bat hits you but does no damage.
The quokka barely misses you.
Unknown command.
The blast of sand misses the quokka.
The quokka barely misses you. The bat closely misses you. The quokka bites you.
The bat hits you.
Unknown command.
You barely miss the quokka. The bat hits you. The quokka bites you.
The bat barely misses you.
You are too injured to fight recklessly!
You are too injured to fight recklessly!
Unknown command.
You are too injured to fight recklessly!
Unknown command.
You are too injured to fight recklessly!
Unknown command.
You are too injured to fight recklessly!
Unknown command.
But you're not safe!
Unknown command.
But you're not safe!
Unknown command.
But you're not safe!
Unknown command.
But you're not safe!
Unknown command.
But you're not safe!
Unknown command.
Unknown command.
As you read the scroll labelled RYMUCU DECATS, it crumbles to dust.
You feel strangely unstable.
It was a scroll of teleportation.
The bat barely misses you. The quokka bites you.
Unknown command.
There are monsters nearby!
Unknown command.
As you read the scroll labelled CIHEGIO ANUA, it crumbles to dust.
It is a scroll of identify.
You don't have any unidentified items.
r - a scroll of identify The quokka barely misses you.
The rat bites you but does no damage. The quokka bites you.
There are monsters nearby!
Unknown command.
You don't have any unidentified items.
Unknown command.
There are monsters nearby!
Unknown command.
You don't have any unidentified items.
Unknown command.
There are monsters nearby!
Unknown command.
You don't have any unidentified items.
Unknown command.
There are monsters nearby!
Unknown command.
Unknown command.
Unknown command.
Are you sure you want to abandon this character and quit the game? (Confirm with "yes".)

<.≈# ......#, .. ..##,
.......##.# , , , , .##
,, ........^.## . , ## ,,
....##.#..# .. , #. **
#..##....#.., , #.
#......... * * , #.#
#(.....## * * ,
###.#######.......##..##
*
............#...@r.....#
* *
#.......#########r#.....,
, #.............# .!. ...
#......######... ..... .
, #......# * ....[.. ,
#......# *,....!..
.....$.# ....... .#######
$...... ##


You could see a quokka and a rat.

Vanquished Creatures
  A ball python (D:1)
  A bat (D:1)
  An endoplasm (D:1)
  A hobgoblin (D:1)
  A goblin (D:1)
5 creatures vanquished.

Notes
Turn   | Place    | Note
-------+----------+-------------------------------------------
     0 | D:1      | sentinel the Meteoran Earth Elementalist began the quest
                  | for the Orb.
     0 | D:1      | Reached XP level 1. HP: 14/14 MP: 5/5
    24 | D:1      | Reached skill level 4 in Earth Magic
    25 | D:1      | Reached XP level 2. HP: 20/20 MP: 0/6
    39 | D:1      | Found a faded altar of an unknown god.
    70 | D:1      | Prayed at the altar of an unknown god.
    70 | D:1      | Became a worshipper of the Wu Jian Council
    70 | D:1      | Reached * piety under Wu Jian
   112 | D:1      | Quit the game

Illustrated notes

Levels and vault maps discovered:
D:1:      wander_arrival_chamber, layout_rooms, chequers_ecumenical_altar_twisty

Skill      XL: |  1 |
---------------+----+-----
Earth Magic    | 4 |  4.2
Dodging        | |  2.4
Stealth        | |  1.4
Spellcasting   | |  2.6
Transmutations | |  1.2

Action                   || total
-------------------------++-------
Melee: Unarmed           ||     1
 Cast: Sandblast         ||     8
  Use: Scroll            ||     2
Armor: Robe              ||     3
Dodge: Dodged            ||    12
